 Dungeon Sprint DCSS version 0.27-a0-773-gaaee5cf45b (webtiles) character file.

Game seed: 11052447316353303634

8900000 sahdkjhfkaj the Axe Maniac (level 27, -30/205 (228) HPs)
             Began as a Djinni Warper on Mar 26, 2021.
             Was the Champion of Makhleb.
             Killed from afar by a wretched soul (73 damage)
             ... with a bolt of negative energy
             ... in the Dungeon (Sprint VIII: "Arena of Blood").
             The game lasted 00:01:11 (89 turns).

sahdkjhfkaj the Axe Maniac (Djinni Warper)            Turns: 89, Time: 00:01:12

HP:   -30/205 (228) AC:  6    Str: 10    XL:     27
Gold: 0             EV: 28    Int: 24    God:    Makhleb [******] SH:  0 Dex: 17

rFire    + + .     SeeInvis .   c - +∞ Axe of Woe
rCold    x . .     Faith    .   (shield currently unavailable)
rNeg     . . .     Spirit   .   b - +0 leather armour
rPois    ∞         Reflect  .   (no helmet)
rElec    .         Harm     .   (no cloak)
rCorr    .         Rampage  .   (no gloves)
Will     ++...     NoTele   +   (boots unavailable)
Stlth    +++++++++.             (no amulet)
HPRegen  0.44/turn              (no ring)
MPRegen  0.00/turn              (no ring)

@: flying, heavily drained
A: fire resistance 2, cold vulnerability 1, float, innate caster, hp casting,
extra vitality 1
a: Renounce Religion, Minor Destruction, Lesser Servant of Makhleb, Major
Destruction, Greater Servant of Makhleb


You were in the Dungeon.
You worshipped Makhleb.
Makhleb was exalted by your worship.
You visited 1 branch

Inventory:

Hand Weapons
 a - a +0 hand axe
 c - the +∞ Axe of Woe (weapon)
   (You found it in the Dungeon)
Missiles
 e - 5 boomerangs of dispersal (quivered)
Armour
 b - a +0 leather armour (worn)
Jewellery
 j - a +30 ring of slaying
 k - a +30 ring of slaying
 l - a +200 ring of slaying
Scrolls
 d - 2 scrolls of blinking
Potions
 f - a potion of curing
 g - a potion of heal wounds
 h - a potion of haste
 i - a potion of berserk rage


   Skills:
 O Level 27 Fighting
 O Level 27 Short Blades
 O Level 27 Long Blades
 O Level 27 Axes
 O Level 27 Maces & Flails
 O Level 27 Polearms
 O Level 27 Staves
 O Level 27 Slings
 O Level 27 Bows
 O Level 27 Crossbows
 O Level 27 Throwing
 O Level 27 Armour
 O Level 27 Dodging
 O Level 27 Stealth
 O Level 27 Shields
 O Level 27 Unarmed Combat
 O Level 27 Spellcasting
 O Level 27 Invocations
 O Level 27 Evocations


You couldn't memorise any spells.
You knew the following spells:

 Your Spells              Type           Power      Damage    Failure   Level
a - Blink                 Tloc           N/A        N/A       0%          2
b - Lesser Beckoning      Tloc           52%        N/A       0%          3
c - Gell's Gravitas       Tloc           52%        N/A       0%          3
d - Teleport Other        Tloc           100%       N/A       0%          3
e - Manifold Assault      Tloc           100%       N/A       0%          5
f - Freeze                Ice            100%       1d11      0%          1
g - Poisonous Vapours     Pois/Air       100%       N/A       0%          2
h - Wereblood             Tmut           100%       N/A       0%          2
i - Summon Lightning Spi  Summ/Air       100%       N/A       0%          4
j - Agony                 Necr           100%       N/A       0%          5
k - Alistair's Intoxicat  Tmut/Pois      69%        N/A       0%          5
l - Hydra Form            Tmut           52%        N/A       0%          6
m - Spellforged Servitor  Conj/Summ      52%        N/A       0%          7
n - Malign Gateway        Summ/Tloc      52%        N/A       0%          7
o - Monstrous Menagerie   Summ           52%        N/A       0%          7
p - Ignition              Fire           52%        3d14      1%          8
q - Borgnjor's Revivific  Necr           52%        N/A       1%          8
r - Absolute Zero         Ice            52%        ∞         1%          9
Your spell library was empty.

Dungeon Overview and Level Annotations

Branches:
Dungeon (1/1)

Altars:
Makhleb


Innate Abilities, Weirdness & Mutations

You are immune to poison.
Your flesh is very heat resistant. (rF++)
You are vulnerable to cold. (rC-)
You float through the air rather than walking.
You learn spells naturally, not from books.
Your magical power is your life essence.
You have superior vitality. (+4 HP)


Message History

Makhleb accepts your kill.
You hear a shout!
A bag of meat comes into view. It is wielding a +9 war axe.
You hear a shout!
A bag of meat comes into view. It is wielding a +9 war axe.
Casting: Manifold Assault (safe; 0% risk of failure)
Confirm with . or Enter, or press ? or * to list all spells.
Space momentarily warps into an impossible shape!
The bag of meat shouts!
You hit the bag of meat.
You dissect the bag of meat like a pig carcass.
You kill the bag of meat!
Makhleb accepts your kill.
You slice the bag of meat like a ripe choko!!!
You pulverise the bag of meat into a thin bloody mist.
You kill the bag of meat!
Makhleb accepts your kill.
You feel better.
You hear a shout! x3
A bolt of negative energy appears from out of thin air!
The bolt of negative energy hits you!!!!
You feel drained.
Ouch! That really hurt!
* * * LOW HITPOINT WARNING * * *
Your life force feels restored.
Casting: Manifold Assault (safe; 0% risk of failure)
Confirm with . or Enter, or press ? or * to list all spells.
You can't see any susceptible monsters within range! (Use Z to cast anyway.)
You aren't carrying any items that you can evoke.
Unknown command.
You hear a shout! x3
Something hits you.
* * * LOW HITPOINT WARNING * * *
You hear a shout!
Unknown command.
You hear a shout! x3
A bolt of negative energy appears from out of thin air!
The bolt of negative energy hits you!!!!
You feel drained.
You die...

##### ### ###....
.=. )...... .. ..
......##.##.####
.).....†. ......
####.....##.##...
.........@...)....
#).........#.#.....
#....).............
.#.)....).......)..
).#.)..)..).)......
)))))).)..{.)...)..
))))))))..........
))))..#......)#..
#))...#......)# .
.))


There were no monsters in sight!

Vanquished Creatures
  Sigmund (D)
  6 hell beasts (D)
  2 royal mummies (D)
  4 wraiths (D)
  Harold (D)
  9 vampire knights (D)
  33 ogres (D)
  4 liches (D)
  2 hydras (D)
  2 two-headed ogres (D)
  57 orcs (D)
  2 phantoms (D)
  10 skeletal warriors (D)
133 creatures vanquished.

Notes
Turn   | Place    | Note
-------+----------+-------------------------------------------
     0 | D        | Found the +∞ Axe of Woe
     0 | D        | sahdkjhfkaj the Djinni Warper began the quest for the Orb.
     0 | D        | Reached XP level 1. HP: 18/18 MP: 0/0
     1 | D        | Noticed a bag of meat
     3 | D        | Became a worshipper of Makhleb the Destroyer
     4 | D        | Noticed a bag of meat
     5 | D        | Noticed a meat berserker
     6 | D        | Noticed a meat berserker
     6 | D        | Killed a bag of meat
     6 | D        | Noticed a meat berserker
     6 | D        | Noticed a bag of meat
     6 | D        | Noticed a bag of meat
     7 | D        | Reached XP level 2. HP: 23/23 MP: 0/0
     7 | D        | Reached XP level 3. HP: 28/28 MP: 0/0
     7 | D        | Learned a level 1 spell: Freeze
     7 | D        | Reached XP level 4. HP: 33/33 MP: 0/0
     7 | D        | Reached XP level 5. HP: 38/38 MP: 0/0
     7 | D        | Learned a level 2 spell: Poisonous Vapours
     7 | D        | Reached XP level 6. HP: 43/43 MP: 0/0
     7 | D        | Reached XP level 7. HP: 49/49 MP: 0/0
     7 | D        | Learned a level 2 spell: Wereblood
     7 | D        | Reached XP level 8. HP: 54/54 MP: 0/0
     7 | D        | Reached XP level 9. HP: 58/58 MP: 0/0
     7 | D        | Learned a level 4 spell: Summon Lightning Spire
     7 | D        | Reached XP level 10. HP: 64/64 MP: 0/0
     7 | D        | Reached XP level 11. HP: 68/68 MP: 0/0
     7 | D        | Learned a level 5 spell: Agony
     7 | D        | Reached XP level 12. HP: 74/74 MP: 0/0
     7 | D        | Noticed a meat berserker
     7 | D        | Noticed a bag of meat
     7 | D        | Noticed a meat berserker
     7 | D        | Noticed a bag of meat
     7 | D        | Noticed a bag of meat
     8 | D        | Killed a bag of meat
     8 | D        | Reached * piety under Makhleb
     9 | D        | Reached XP level 13. HP: 78/78 MP: 0/0
     9 | D        | Learned a level 5 spell: Alistair's Intoxication
     9 | D        | Noticed a meat berserker
     9 | D        | Noticed a bag of meat
     9 | D        | Noticed a bag of meat
     9 | D        | Noticed a bag of meat
     9 | D        | Noticed a bag of meat
    10 | D        | Killed a meat berserker
    10 | D        | Noticed a bag of meat
    11 | D        | Reached skill level 27 in Axes
    11 | D        | Reached XP level 14. HP: 108/108 MP: 0/0
    11 | D        | Killed a meat berserker
    11 | D        | Killed a meat berserker
    11 | D        | Reached ** piety under Makhleb
    11 | D        | Noticed a meat berserker
    12 | D        | Reached XP level 15. HP: 135/135 MP: 0/0
    12 | D        | Learned a level 6 spell: Hydra Form
    12 | D        | Reached XP level 16. HP: 142/142 MP: 0/0
    12 | D        | Killed a meat berserker
    12 | D        | Killed a meat berserker
    13 | D        | Reached skill level 27 in Fighting
    13 | D        | Reached XP level 17. HP: 160/160 MP: 0/0
    13 | D        | Learned a level 7 spell: Spellforged Servitor
    13 | D        | Reached *** piety under Makhleb
    14 | D        | Reached skill level 27 in Spellcasting
    14 | D        | Reached XP level 18. HP: 167/167 MP: 0/0
    14 | D        | Noticed a meat berserker
    15 | D        | Reached **** piety under Makhleb
    15 | D        | Killed a meat berserker
    16 | D        | Reached skill level 5 in Throwing
    16 | D        | Reached XP level 19. HP: 174/174 MP: 0/0
    16 | D        | Learned a level 7 spell: Malign Gateway
    16 | D        | Noticed a meat berserker
    17 | D        | Noticed a meat berserker
    19 | D        | Killed a meat berserker
    20 | D        | Reached skill level 10 in Dodging
    20 | D        | Reached ***** piety under Makhleb
    21 | D        | Reached skill level 10 in Short Blades
    21 | D        | Reached skill level 10 in Long Blades
    21 | D        | Reached skill level 15 in Maces & Flails
    21 | D        | Reached skill level 10 in Staves
    21 | D        | Reached skill level 10 in Stealth
    21 | D        | Reached XP level 20. HP: 181/181 MP: 0/0
    21 | D        | Killed a meat berserker
    21 | D        | Killed a meat berserker
    22 | D        | Reached XP level 21. HP: 187/187 MP: 0/0
    22 | D        | Learned a level 7 spell: Monstrous Menagerie
    22 | D        | Reached ****** piety under Makhleb
    23 | D        | Reached XP level 22. HP: 160/194 MP: 0/0
    24 | D        | Reached skill level 15 in Short Blades
    24 | D        | Reached skill level 15 in Long Blades
    24 | D        | Reached skill level 15 in Staves
    24 | D        | Reached skill level 15 in Stealth
    25 | D        | Reached XP level 23. HP: 201/201 MP: 0/0
    25 | D        | Learned a level 8 spell: Ignition
    26 | D        | Reached skill level 15 in Polearms
    28 | D        | Noticed a destroyer
    28 | D        | Noticed a large bag of meat
    30 | D        | Killed a destroyer
    31 | D        | Reached skill level 15 in Slings
    31 | D        | Reached skill level 15 in Bows
    31 | D        | Reached skill level 15 in Crossbows
    31 | D        | Reached skill level 15 in Throwing
    31 | D        | Noticed a destroyer
    31 | D        | Killed a destroyer
    32 | D        | Reached XP level 24. HP: 208/208 MP: 0/0
    38 | D        | Noticed a destroyer
    39 | D        | Killed a destroyer
    39 | D        | Noticed a destroyer
    40 | D        | Reached XP level 25. HP: 214/214 MP: 0/0
    40 | D        | Learned a level 8 spell: Borgnjor's Revivification
    40 | D        | Killed a destroyer
    44 | D        | Reached skill level 27 in Maces & Flails
    44 | D        | Reached XP level 26. HP: 221/221 MP: 0/0
    46 | D        | Reached XP level 27. HP: 228/228 MP: 0/0
    46 | D        | Learned a level 9 spell: Absolute Zero
    53 | D        | Noticed a destroyer
    53 | D        | Noticed a large bag of meat
    53 | D        | Noticed a destroyer
    54 | D        | Noticed a tyrant
    54 | D        | Killed a destroyer
    55 | D        | Reached skill level 27 in Dodging
    55 | D        | Killed a large bag of meat
    55 | D        | Noticed an accursed
    55 | D        | Noticed a destroyer
    56 | D        | Killed a tyrant
    56 | D        | Killed a destroyer
    57 | D        | Reached skill level 27 in Armour
    57 | D        | Reached skill level 27 in Shields
    57 | D        | Reached skill level 27 in Unarmed Combat
    57 | D        | Reached skill level 27 in Invocations
    57 | D        | Reached skill level 27 in Evocations
    57 | D        | Noticed a tyrant
    57 | D        | Killed a tyrant
    57 | D        | Killed a destroyer
    57 | D        | Killed an accursed
    58 | D        | Reached skill level 27 in Short Blades
    58 | D        | Reached skill level 27 in Long Blades
    58 | D        | Reached skill level 27 in Polearms
    58 | D        | Reached skill level 27 in Staves
    58 | D        | Reached skill level 27 in Slings
    58 | D        | Reached skill level 27 in Bows
    58 | D        | Reached skill level 27 in Crossbows
    58 | D        | Reached skill level 27 in Throwing
    58 | D        | Reached skill level 27 in Stealth
    59 | D        | Noticed The Captor
    59 | D        | Killed The Captor
    63 | D        | Noticed a dread
    64 | D        | Noticed a tyrant
    64 | D        | Noticed an accursed
    65 | D        | Killed an accursed
    65 | D        | Killed a dread
    65 | D        | Killed a tyrant
    67 | D        | Noticed a meat beast
    67 | D        | Killed a meat beast
    68 | D        | Noticed a meat beast
    68 | D        | Noticed a large bag of meat
    69 | D        | Noticed a dread
    69 | D        | Killed a large bag of meat
    69 | D        | Killed a dread
    69 | D        | Killed a meat beast
    69 | D        | Noticed The Servant
    70 | D        | Killed The Servant
    71 | D        | Noticed a destroyer
    71 | D        | Noticed a destroyer
    72 | D        | Killed a destroyer
    72 | D        | Killed a destroyer
    74 | D        | Noticed a meat beast
    74 | D        | Noticed a meat beast
    75 | D        | Killed a meat beast
    75 | D        | Noticed a meat beast
    75 | D        | Noticed a dread
    76 | D        | Killed a meat beast
    76 | D        | Killed a dread
    77 | D        | Killed a meat beast
    77 | D        | Noticed a tyrant
    78 | D        | Killed a tyrant
    78 | D        | Noticed a dread
    80 | D        | Killed a dread
    81 | D        | Noticed a meat beast
    82 | D        | Killed a meat beast
    89 | D        | Killed from afar by a wretched soul

Illustrated notes

Levels and vault maps discovered:
D:        meatsprint

Skill      XL: |  1  2  3  4  5  6  7  8  9 10 11 12 13 14 15 16 17 18 19 20 21 22 23 24 25 26 27 |
---------------+----------------------------------------------------------------------------------+-----
Axes           | 22 25 27 | 27.0
Fighting       | 12 22 27 | 27.0
Spellcasting   | 11 19 24 27 | 27.0
Maces & Flails | 8 12 15 17 19 21 23 25 27 | 27.0
Short Blades   | 6 10 12 13 15 17 19 20 21 27 | 27.0
Long Blades    | 6 10 12 13 15 17 19 20 21 27 | 27.0
Polearms       | 6 9 11 12 14 16 18 19 20 27 | 27.0
Staves         | 6 10 12 13 15 17 19 20 21 27 | 27.0
Slings         | 6 9 11 12 14 16 17 19 20 27 | 27.0
Bows           | 6 9 11 12 14 16 17 19 20 27 | 27.0
Crossbows      | 6 9 11 12 14 16 17 19 20 27 | 27.0
Throwing       | 5 9 11 12 14 16 17 19 20 27 | 27.0
Armour         | 7 11 13 14 16 18 20 22 23 27 | 27.0
Dodging        | 8 12 14 16 18 20 22 24 27 | 27.0
Stealth        | 6 10 12 13 15 17 19 20 21 27 | 27.0
Shields        | 7 11 13 14 16 18 20 22 23 27 | 27.0
Unarmed Combat | 7 11 13 14 16 18 20 22 23 27 | 27.0
Invocations    | 7 11 13 14 16 18 20 22 23 27 | 27.0
Evocations     | 7 11 13 14 16 18 20 22 23 27 | 27.0

Action                   |  1- 3 |  4- 6 |  7- 9 | 10-12 | 13-15 | 16-18 | 19-21 | 22-24 | 25-27 || total
-------------------------+-------+-------+-------+-------+-------+-------+-------+-------+-------++-------
Melee: Executioner's axe |     1 |       |       |     1 |     2 |     3 |    10 |    14 |    95 ||   126
 Cast: Manifold Assault  |       |       |       |       |       |       |     2 |     6 |    33 ||    41
Armor: Leather armour    |       |       |       |       |       |       |       |       |     2 ||     2
Dodge: Dodged            |       |       |       |       |       |       |       |       |     7 ||     7

Table legend: (Time is in decaauts)
 A = Elapsed time spent in this place.
 B = Non-inter-level travel time spent in this place.
 C = Inter-level travel time spent in this place.
 D = Time resting spent in this place.
 E = Time spent auto-exploring this place.
 F = Levels seen in this place.
 G = Mean time per level.
                   A        B        C        D        E       F      G
               +--------+--------+--------+--------+--------+-----+--------+
         Total |     81 |     81 |      0 |      0 |      2 |   1 |   81.0 |
       Dungeon |     81 |     81 |      0 |      0 |      2 |   1 |   81.0 |
               +--------+--------+--------+--------+--------+-----+--------+

Top non-repeatable levels by time:
       D: 81 daAuts
